 Dungeon Crawl Stone Soup version 0.29.1-12-g30fa7ad0bf (webtiles) character file.

Game seed: 17892032145921845426

1975 Gabide the Fighter (level 9, -11/74 HPs)
             Began as a Mummy Berserker on Dec 21, 2022.
             Was an Elder of Trog.
             Mangled by a two-headed ogre
             ... wielding a +0 giant club
              (21 damage)
             ... on level 8 of the Dungeon.
             The game lasted 00:09:28 (7178 turns).

Gabide the Fighter (Mummy Berserker)                Turns: 7178, Time: 00:09:29

Health: -11/74     AC: 11    Str: 25    XL:     9   Next: 0%
Magic:  9/9        EV:  9    Int:  6    God:    Trog [****..]
Gold:   241        SH:  0    Dex: 11    Spells: 8/8 levels left

rFire   . . .      SeeInvis +     - Unarmed
rCold   + . .      Faith    .   (no shield)
rNeg    + + +      Spirit   .   k - +0 chain mail {rF+}
rPois   ∞          Reflect  .   c - +1 helmet
rElec   .          Harm     .   (no cloak)
rCorr   .          Rampage  .   g - +0 pair of gloves
Will    +....                   (no boots)
Stlth   ..........              r - amulet of regeneration
HPRegen 1.02/turn               q - ring of see invisible
MPRegen 0.11/turn               (no ring)

@: no status effects
A: cold resistance 1, negative energy resistance 3, torment resistance 2, heat
vulnerability 1, in touch with death 1, no potions
a: Renounce Religion, Trog's Hand, Brothers in Arms


You were on level 8 of the Dungeon.
You worshipped Trog.
Trog was greatly pleased with you.
You visited 1 branch of the dungeon, and saw 8 of its levels.

You collected 399 gold pieces.
You spent 158 gold pieces at shops.

Inventory:

Missiles
 h - 8 javelins (quivered)
Armour
 c - a +1 helmet (worn)
 g - a +0 pair of gloves (worn)
 k - a +0 chain mail of fire resistance (worn)
Jewellery
 b - a ring of fire
 q - a ring of see invisible (left hand)
 r - an amulet of regeneration (around neck)
Wands
 a - a wand of flame (12)
 d - a wand of digging (4)
 o - a wand of paralysis (2)
Scrolls
 e - 5 scrolls of teleportation
 f - 2 scrolls of vulnerability
 i - 2 scrolls of blinking
 j - a scroll of torment {unknown}
 l - a scroll of summoning {unknown}
 m - a scroll of enchant armour {unknown}
 n - a scroll of noise {unknown}


   Skills:
 * Level 8.0 Fighting
 - Level 1.5 Armour
 + Level 4.6 Dodging
 * Level 6.6 Unarmed Combat


You had 8 spell levels left.
You didn't know any spells.
Your spell library was empty.

Dungeon Overview and Level Annotations

Branches:
Dungeon (8/15)             Temple (0/1) D:6
   Lair: D:8-11

Altars:
Cheibriados
Sif Muna
Trog
Wu Jian

Shops:
D:1 *   D:7 *


Innate Abilities, Weirdness & Mutations

You are immune to poison.
Your flesh is cold resistant. (rC+)
You are immune to negative energy. (rN+++)
You are immune to unholy pain and torment.
You are vulnerable to heat. (rF-)
You are in touch with the powers of death.
You do not drink.


Message History

The two-headed ogre is lightly wounded.
The two-headed ogre hits you with a +0 giant club.
The two-headed ogre hits you with a +0 giant club!
You hit the two-headed ogre.
The two-headed ogre is lightly wounded.
You punch the two-headed ogre!
The two-headed ogre is moderately wounded.
The two-headed ogre completely misses you.
The two-headed ogre hits you with a +0 giant club.
You hit the two-headed ogre.
The two-headed ogre is heavily wounded.
You hit the two-headed ogre.
The two-headed ogre is heavily wounded.
You feel the effects of Trog's Hand fading.
The two-headed ogre closely misses you.
The two-headed ogre hits you with a +0 giant club.
You punch the two-headed ogre!
The two-headed ogre is severely wounded.
The two-headed ogre hits you with a +0 giant club!!
The two-headed ogre barely misses you.
You barely miss the two-headed ogre.
The two-headed ogre is severely wounded.
You punch the two-headed ogre!
The two-headed ogre is almost dead.
The two-headed ogre hits you with a +0 giant club!!
* * * LOW HITPOINT WARNING * * *
The two-headed ogre barely misses you.
Aiming: Paralyse
Press: ? - help, Shift-Dir - straight line, f - two-headed ogre, p - orc wizard
Aim: a two-headed ogre, wielding two +0 giant clubs (almost dead, chance to affect: 31%)
Okay, then.
Unknown command.
You hit the two-headed ogre but do no damage.
The two-headed ogre is almost dead.
You hit the two-headed ogre.
The two-headed ogre is almost dead.
Your skin stops crawling.
You feel less strong-willed. The two-headed ogre closely misses you.
The two-headed ogre hits you with a +0 giant club!!
You die...

# .. ...#.# ####
#...#.#)# .... #...(o#
#### #y# # #h# ########
#y# .........## #o#
.######....#####O# ..#
#.....#@###... ..##
#............ #..##
#.#...####### #...#
#.......... #.#.##
###..#......
#.#..######....#.#..#..
#.##..).....##.#.#.....
#.############.#.##.##.
#.# #.#.. ..


You could see a two-headed ogre, a black bear, 2 killer bees, an orc wizard
(invisible) and an orc.

Vanquished Creatures
  Grinder (D:3)
  Sigmund (D:2)
  2 orc warriors
  A black bear (D:8)
  An ice beast (D:8)
  A centaur (D:8)
  An ogre (D:5)
  A kobold brigand (D:7)
  3 necrophages
  A scorpion (D:5)
  A vampire bat (D:5)
  3 jellies
  A gnoll bouda (D:6)
  2 hounds (D:5)
  2 iguanas (D:5)
  5 orc wizards
  Robin (D:2)
  9 gnolls
  5 adders
  A shadow imp (D:7)
  A white imp (D:5)
  An ufetubus (D:6)
  A worm (D:1)
  2 dart slugs (D:4)
  3 fire bats (D:5)
  19 orcs
  2 spectral bats (D:5)
  3 ball pythons
  3 bat skeletons (D:5)
  A bat zombie (D:5)
  10 endoplasms
  2 giant cockroaches
  13 goblins
  7 hobgoblins
  8 kobolds
  4 quokkas
  18 bats
  A bat simulacrum (D:5)
  2 frilled lizards (D:1)
  7 rats
151 creatures vanquished.

Notes
Turn   | Place    | Note
-------+----------+-------------------------------------------
     0 | D:1      | Gabide the Mummy Berserker began the quest for the Orb.
     0 | D:1      | Reached XP level 1. HP: 18/18 MP: 1/1
   226 | D:1      | Reached XP level 2. HP: 24/24 MP: 2/2
   421 | D:1      | Found Qaucs's General Store.
   815 | D:2      | Reached ** piety under Trog
   907 | D:2      | Gained mutation: You are in touch with the powers of death.
                  | [Mummy growth]
   907 | D:2      | Reached XP level 3. HP: 26/29 MP: 3/3
  1275 | D:2      | Noticed Robin
  1692 | D:2      | Killed Robin
  1693 | D:2      | Reached XP level 4. HP: 37/37 MP: 4/4
  1786 | D:2      | Reached skill level 4 in Fighting
  1979 | D:2      | Noticed Sigmund
  2238 | D:2      | Killed Sigmund
  2239 | D:2      | Reached XP level 5. HP: 36/43 MP: 5/5
  2331 | D:2      | Found a faded altar of an unknown god.
  2508 | D:2      | Found a shimmering blue altar of Sif Muna.
  2662 | D:3      | Reached XP level 6. HP: 46/50 MP: 6/6
  2810 | D:3      | Noticed Grinder
  2842 | D:3      | Paralysed by Grinder for 4 turns
  2851 | D:3      | Killed Grinder
  2852 | D:3      | Reached skill level 5 in Fighting
  2852 | D:3      | Reached XP level 7. HP: 38/56 MP: 7/7
  3188 | D:3      | Identified the +9 mace of Doom {vorpal, *Corrode +Blink
                  | Stlth+}
  3230 | D:3      | Identified the +1 robe of Vampiric Thralls {Int+4}
  3270 | D:3      | Reached *** piety under Trog
  3685 | D:4      | Found a snail-covered altar of Cheibriados.
  3972 | D:5      | Entered Level 5 of the Dungeon
  4412 | D:5      | Reached skill level 6 in Fighting
  4511 | D:5      | Reached skill level 5 in Unarmed Combat
  4817 | D:5      | Reached XP level 8. HP: 65/65 MP: 8/8
  5386 | D:6      | Found a staircase to the Ecumenical Temple.
  5410 | D:6      | Reached **** piety under Trog
  5495 | D:6      | Found an ornate altar of the Wu Jian Council.
  5508 | D:6      | Found a shimmering blue altar of Sif Muna.
  6048 | D:7      | Found a bloodstained altar of Trog.
  6174 | D:7      | Reached skill level 7 in Fighting
  6604 | D:7      | Found Keteos's Gadget Gallery.
  6772 | D:7      | Bought a wand of paralysis (6) for 158 gold pieces
  7163 | D:8      | Noticed a two-headed ogre
  7168 | D:8      | Reached skill level 8 in Fighting
  7168 | D:8      | Reached XP level 9. HP: 74/74 MP: 9/9
  7178 | D:8      | Mangled by a two-headed ogre

Illustrated notes

Levels and vault maps discovered:
D:1:      minmay_arrival_solitary_statue, layout_rooms, serial_shops,
          nicolae_shop_temple_entry_statues_fountains, skrybe_limestone_x
D:2:      layout_rooms, hellmonk_ecumenical_altar_lost_god, basic_altar,
          dk_noncrumbling_2, minmay_misc_feat_rugged, uniq_robin, uniq_sigmund
D:3:      layout_rooms, uniq_grinder
D:4:      layout_basic, kennysheep_slug_shrine
D:5:      layout_basic, goddamned_bats
D:6:      layout_loops_ring, mainiacjoe_overflow_paths, lemuel_crystal_altar,
          minmay_temple_entry_sparse_star
D:7:      layout_loops_corners, lemuel_round_altar,
          chequers_serial_rivers_small_3, nicolae_shop_gadgets
D:8:      minmay_spotlight, layout_basic, lair_entry_dummy

Skill      XL: |  1  2  3  4  5  6  7  8 |
---------------+-------------------------+-----
Unarmed Combat | 3 4 5 6 |  6.6
Dodging        | 2 3 4 |  4.6
Fighting       | 4 5 6 8 |  8.0
Armour         | |  1.5

Action                   |  1- 3 |  4- 6 |  7- 9 || total
-------------------------+-------+-------+-------++-------
Melee: Unarmed           |   172 |   153 |   356 ||   681
       Punch             |     1 |     2 |    11 ||    14
Throw: Javelin           |       |    16 |    62 ||    78
Invok: Trog's Hand       |       |     3 |     2 ||     5
Evoke: Wand              |       |       |     4 ||     4
  Use: Scroll            |       |       |     4 ||     4
 Stab: Paralysed         |       |       |     9 ||     9
Armor: Animal skin       |     9 |       |       ||     9
       Leather armour    |    60 |       |       ||    60
       Chain mail        |    39 |    88 |   239 ||   366
Dodge: Dodged            |   123 |    43 |   178 ||   344
